AoeStats
← BeardedMedusa

Arena

509220896Analyzed
1v1 RM · 6d ago on Sep 25, 2026· 35m 6s· 2 players
Game mode
Random Map
Map size
Tiny (2 player)
Population
200
Speed
Normal
Resources
Standard
Victory
Conquest
Starting age
Dark Age
Ending age
Imperial Age
RankedLock teamsTeams togetherTeam positionsShared explorationLock speedFull tech treeHidden civsTurbo modeCheats
Victory
Defeat
🇨🇴 Poles · Colombia
1495
+15
🇳🇿 Danes · New Zealand
1484
-15
BeardedMedusa
10:18 Feudal Age
9:50 Loom
14:12 Castle Age
12:27 Double-Bit Axe
13:52 Horse Collar
19:13 Arson
21:35 Forging
22:20 Scale Mail Armor
23:29 Devotion
24:20 Bow Saw
25:52 Chain Mail Armor
26:37 Squires
33:14 Imperial Age
31:02 Gold Mining
32:54 Iron Casting
32:42 Fletching
33:19 Capped Ram
34:34 Plate Mail Armor
Kogui
10:56 Feudal Age
14:32 Castle Age
12:49 Double-Bit Axe
13:27 Horse Collar
15:48 Bow Saw
19:00 Loom
20:23 Fletching
21:54 Heavy Plow
24:56 Gold Mining
25:46 Crossbowman
27:33 Wheelbarrow
26:43 Town Watch
28:36 Bodkin Arrow
32:07 Imperial Age
32:21 Thumb Ring
33:10 Bracer
33:36 Ballistics
35:35 Chemistry
Connection lost

Rejoining the realm…

Still unreachable

The connection could not be restored.

Session expired

The server has moved on; the page needs a fresh start.